cohdb
Replays
Latest Replays
All Replays
Popular Replays
Top Player Replays
Match Explorer
How It Works
Community
CoH3 Stats
Reddit
Sign in to upload your games and track your stats! →
Sign in with Steam
Match 40307023
Unlisted
Match 40307023
Overview
Messages
Build Orders
End
Royal Engineer Section
Construct Section Command Post
Selects Canadian Shock Battlegroup
Dingo Light Scout Car
Infantry Section
Infantry Section
Selects Attacking Spirit
Selects Canadian Shock Section
Construct Field Infirmary
Canadian Shock Section
Construct Platoon Command Post
Infantry Training
Humber Armored Car
Selects Incendiary Munitions
Selects Pyrotechnics
Infantry Section
6-pounder Anti-tank Gun Team
6-pounder Anti-tank Gun Team
Royal Engineer Section
Construct Company Command Post
Crusader II Medium Tank
Selects Churchill Crocodile Heavy Tank
Selects Smoke Operation
Vickers Machine Gun Team
Team Weapon Training
Unlock Towed 17-pounder Anti-tank Guns
17-pounder Anti-tank Gun Team
DibbeTC
Samuel Bronkowitz
0
0
Comments
sign in to comment!
No comments posted yet!